 Dungeon Crawl Stone Soup version 0.19.0-18-g426998a (webtiles) character file.

49 dysrexia the Sneak (level 3, -1/14 HPs)
             Began as a Felid Wizard on Nov 11, 2016.
             Slain by an adder (3 damage)
             ... on level 3 of the Dungeon.
             The game lasted 00:06:57 (2529 turns).

dysrexia the Sneak (Felid Wizard)                   Turns: 2529, Time: 00:06:57

Health: -1/14      AC:  1    Str:  3    XL:     3   Next: 51%
Magic:  0/8        EV: 18    Int: 19    God:
Gold:   203        SH:  0    Dex: 15    Spells: 1 memorised, 7 levels left
                                        Lives:  0   Deaths: 0

rFire  . . .     SeeInvis +       - Unarmed
rCold  . . .     Gourm    .     (armour unavailable)
rNeg   . . .     Faith    .     (shield unavailable)
rPois  .         Spirit   .     (helmet unavailable)
rElec  .         Reflect  .     (cloak unavailable)
rCorr  .         Harm     .     (gloves unavailable)
MR     .....                    (boots unavailable)
Stlth  +++.......               (no amulet)
                                (no ring)
                                (no ring)

@: lethally poisoned (-1 -> -8), very slightly contaminated, quick
A: no armour, no weapons or thrown items, stealth, claws 1, fangs 3, see
invisible, carnivore 3, speed 1, shaggy fur 1, slow metabolism 1, sharp paws
a: no special abilities


You were on level 3 of the Dungeon.
You were completely stuffed.

You visited 1 branch of the dungeon, and saw 3 of its levels.

You collected 203 gold pieces.

Inventory:

Jewellery
 d - an uncursed ring of positive energy {unknown}
Scrolls
 c - 4 scrolls of teleportation {unknown}
 h - a scroll of remove curse {unknown}
 i - a scroll of magic mapping {unknown}
 k - a scroll of recharging {unknown}
 l - a scroll of noise {unknown}
Potions
 e - 2 potions of lignification {unknown}
 f - a potion of cancellation {unknown}
Books
 a - a book of Minor Magic

   Spells                             Type                      Level
   a - Magic Dart                     Conjuration                  1
   b - Blink                          Translocation                2
   c - Call Imp                       Summoning                    2
   d - Repel Missiles                 Charms/Air                   2
   e - Slow                           Hexes                        2
   f - Conjure Flame                  Conjuration/Fire             3
   g - Mephitic Cloud                 Conjuration/Poison/Air       3
Comestibles
 b - 2 meat rations
 g - a beef jerky
 j - a royal jelly


   Skills:
 - Level 2.6 Dodging
 + Level 4.2 Stealth
 * Level 2.2 Unarmed Combat
 - Level 3.0 Spellcasting
 - Level 0.8 Conjurations
   Level 1.0 Summonings
   Level 1.5 Translocations


You had 7 spell levels left.
You knew the following spells:

 Your Spells              Type           Power        Failure   Level  Hunger
a - Magic Dart            Conj           #...         12%         1    None


Dungeon Overview and Level Annotations

Branches:
Dungeon (3/15)

Altars:

Annotations:
D:2 Sigmund, Terence
D:3 exclusion: killer bee, Ijyb


Innate Abilities, Weirdness & Mutations

You cannot wear armour.
You are incapable of wielding weapons or throwing items.
Your paws allow you to move quietly. (Stealth)
You have sharp claws.
You have razor-sharp teeth.
You have supernaturally acute eyesight. (SInv)
You are carnivorous and can eat meat at any time.
You cover ground quickly.
You are covered in fur. (AC +1)
You have a slow metabolism.
Your sharp claws are effective at attacking unaware monsters.


Message History

The magic dart hits the adder.
The adder is almost dead.
The adder barely misses you.
Casting: Magic Dart
Confirm with . or Enter, or press ? or * to list all spells.
Aiming: Magic Dart
Press: ? - help, Shift-Dir - straight line, f/p - adder
Aim: an adder (almost dead)
You miscast Magic Dart.
Your skin glows momentarily.
You feel sick. The adder barely misses you. The adder bites you.
* * * LOW HITPOINT WARNING * * *
Casting: Magic Dart
Confirm with . or Enter, or press ? or * to list all spells.
Aiming: Magic Dart
Press: ? - help, Shift-Dir - straight line, f/p - adder
Aim: an adder (almost dead)
The magic dart hits the adder.
The adder is almost dead.
The adder bites you.
You die...

... #... ##.l. # ...#
#.. ..#####
.....#######.....(^
#...@Slo.......#
########..>...<. .
#.......# .. #.......#
...# ####...o...# .....
#..........#
.#....#######...........
...g..g.......###.......
####........#.# .......


You could see an adder, an orc and a frilled lizard.

Vanquished Creatures
  2 oozes
  A worm (D:3)
  2 dart slugs (D:2)
  2 leopard geckos
  3 bats
  4 goblins
  4 hobgoblins
  2 jackals (D:3)
  2 frilled lizards
  4 kobolds
  6 rats
32 creatures vanquished.

Notes
Turn   | Place    | Note
-------+----------+-------------------------------------------
     0 | D:1      | dysrexia the Felid Wizard began the quest for the Orb.
     0 | D:1      | Reached XP level 1. HP: 7/7 MP: 5/5
   199 | D:1      | Reached skill level 3 in Stealth
   379 | D:1      | Reached skill level 1 in Unarmed Combat
   379 | D:1      | Reached XP level 2. HP: 11/11 MP: 7/7
   965 | D:2      | Noticed Sigmund
  1565 | D:2      | Noticed Terence
  1721 | D:2      | Reached XP level 3. HP: 14/14 MP: 8/8
  1775 | D:2      | Reached skill level 4 in Stealth
  2446 | D:3      | Noticed a killer bee
  2447 | D:3      | Bee Movie
  2502 | D:3      | Noticed Ijyb
  2529 | D:3      | Slain by an adder

Skill      XL: |  1  2  3 |
---------------+----------+-----
Stealth        | 3 4 |  4.2
Unarmed Combat | 1 2 |  2.2
Dodging        | |  2.6
Spellcasting   | |  3.0
Conjurations   | |  0.8
Summonings     | |  1.0
Translocations | |  1.5

Action                   || total
-------------------------++-------
Melee: Unarmed           ||    58
       Bite              ||     3
 Cast: Magic Dart        ||    69
 Stab: Sleeping          ||     8
  Eat: Chunk             ||    10
Armor: Skin              ||     6
Dodge: Dodged            ||    79
